 Dungeon Crawl Stone Soup version 0.21.1-1-g345015f (webtiles) character file.

75 empire the Ducker (level 4, -7/38 HPs)
             Began as a Gnoll Gladiator on Apr 6, 2018.
             Killed by nerve-wracking pain
             ... invoked by Jessica
              (10 damage)
             ... on level 3 of the Dungeon.
             The game lasted 00:03:03 (1371 turns).

empire the Ducker (Gnoll Gladiator)                 Turns: 1371, Time: 00:03:03

Health: -7/38      AC:  4    Str: 16    XL:     4   Next: 31%
Magic:  5/5        EV: 16    Int: 11    God:
Gold:   76         SH:  0    Dex: 17    Spells: 5/5 levels left

rFire    . . .     SeeInvis .   a - +0 war axe
rCold    . . .     Gourm    +   (no shield)
rNeg     . . .     Faith    .   b - +0 leather armour
rPois    .         Spirit   .   c - +0 helmet
rElec    .         Reflect  .   (no cloak)
rCorr    .         Harm     .   (no gloves)
MR       .....                  (no boots)
Stlth    ++........             h - amulet of the gourmand
HPRegen  0.12/turn              (no ring)
MPRegen  0.09/turn              (no ring)

@: no status effects
A: distributed training, fangs 1, strong nose
a: no special abilities


You were on level 3 of the Dungeon.
You were not hungry.

You visited 1 branch of the dungeon, and saw 3 of its levels.

You collected 76 gold pieces.

Inventory:

Hand Weapons
 a - a +0 war axe (weapon)
Missiles
 d - 3 throwing nets (quivered)
 l - 3 needles of confusion
 o - 12 bolts
Armour
 b - a +0 leather armour (worn)
 c - a +0 helmet (worn)
 i - a +0 chain mail
Jewellery
 h - an amulet of the gourmand (around neck)
Wands
 q - a wand of paralysis (12)
Scrolls
 g - 2 scrolls of teleportation
 j - a scroll of fear
 k - a scroll of remove curse
 m - a scroll of enchant armour {unknown}
 n - 3 scrolls of identify
 p - a scroll of fog {unknown}
Potions
 e - a potion of flight {unknown}
Comestibles
 f - 4 rations


   Skills:
 + Level 4.6 Fighting
 + Level 1.1 Short Blades
 + Level 1.1 Long Blades
 + Level 6.6 Axes
 + Level 1.1 Maces & Flails
 + Level 1.1 Polearms
 + Level 1.1 Staves
 + Level 1.1 Slings
 + Level 1.1 Bows
 + Level 1.1 Crossbows
 + Level 4.6 Throwing
 + Level 1.1 Armour
 + Level 6.6 Dodging
 + Level 1.1 Stealth
 + Level 1.1 Shields
 + Level 1.1 Unarmed Combat
 + Level 1.1 Spellcasting
 + Level 0.8 Conjurations
 + Level 0.8 Hexes
 + Level 0.8 Charms
 + Level 0.8 Summonings
 + Level 0.8 Necromancy
 + Level 0.8 Translocations
 + Level 0.8 Transmutations
 + Level 0.8 Fire Magic
 + Level 0.8 Ice Magic
 + Level 0.8 Air Magic
 + Level 0.8 Earth Magic
 + Level 0.8 Poison Magic
 + Level 1.2 Invocations
 + Level 1.1 Evocations


You had 5 spell levels left.
You didn't know any spells.

Dungeon Overview and Level Annotations

Branches:
Dungeon (3/15)

Altars:
Dithmenos
Fedhas

Annotations:
D:3 Jessica


Innate Abilities, Weirdness & Mutations

Your experience applies equally to all skills.
You have very sharp teeth.
Your uncanny sense of smell can sniff out nearby items.


Message History

This raw flesh tastes very good.
Jessica the Apprentice Sorceress comes into view.
She is wielding a club.
Jessica shouts!
You hear a shout!
Jessica points at you and mumbles some strange words.
Pain shoots through your body!
A goblin comes into view. It is wielding a club.
The goblin closely misses you.
Found 10 poisoned needles.
Jessica hits you with a club. The goblin closely misses you.
Jessica points at you and mumbles some strange words.
Pain shoots through your body! The goblin barely misses you.
You hit Jessica but do no damage. You bite Jessica, but do no damage.
You slash the goblin!
You kill the goblin!
Jessica gestures at you while chanting. Pain shoots through your body!
* * * LOW HITPOINT WARNING * * *
Jessica points at you and mumbles some strange words.
Pain shoots through your body!
You die...

#.#...# ##8###
#.#...### ....#
#.......#
...#####.......#
.....##...)<..#
#..#.##.#...##....
#######..#.##.#.§.#
##
#.(....$)#.##§.§.§#
#......@.......§§.#
#......@.#.####§§.#
#........#.# #.#.#
#........#.# #...#
#........#.# #.###
∆ ..########.# #)#
# #.# .# #.. ∆


You could see Jessica.

Vanquished Creatures
  Ijyb (D:3)
  2 adders (D:2)
  A leopard gecko (D:1)
  2 bats (D:1)
  4 giant cockroaches (D:1)
  5 goblins
  4 hobgoblins
  3 kobolds
  A quokka (D:2)
  A ball python (D:1)
  3 frilled lizards (D:1)
  5 rats (D:1)
32 creatures vanquished.

Notes
Turn   | Place    | Note
-------+----------+-------------------------------------------
     0 | D:1      | empire the Gnoll Gladiator began the quest for the Orb.
     0 | D:1      | Reached XP level 1. HP: 20/20 MP: 1/1
   231 | D:1      | Reached XP level 2. HP: 24/26 MP: 2/2
   629 | D:1      | Reached XP level 3. HP: 24/31 MP: 3/3
  1086 | D:2      | Reached skill level 1 in Invocations
  1139 | D:2      | Found a blossoming altar of Fedhas.
  1335 | D:3      | Found a shadowy altar of Dithmenos.
  1335 | D:3      | Noticed Ijyb
  1341 | D:3      | Paralysed by Ijyb for 6 turns
  1352 | D:3      | Killed Ijyb
  1352 | D:3      | Reached skill level 1 in Short Blades
  1352 | D:3      | Reached skill level 1 in Long Blades
  1352 | D:3      | Reached skill level 1 in Maces & Flails
  1352 | D:3      | Reached skill level 1 in Polearms
  1352 | D:3      | Reached skill level 1 in Staves
  1352 | D:3      | Reached skill level 1 in Slings
  1352 | D:3      | Reached skill level 1 in Bows
  1352 | D:3      | Reached skill level 1 in Crossbows
  1352 | D:3      | Reached skill level 1 in Armour
  1352 | D:3      | Reached skill level 1 in Stealth
  1352 | D:3      | Reached skill level 1 in Shields
  1352 | D:3      | Reached skill level 1 in Unarmed Combat
  1352 | D:3      | Reached skill level 1 in Spellcasting
  1352 | D:3      | Reached skill level 1 in Evocations
  1352 | D:3      | Reached XP level 4. HP: 32/38 MP: 5/5
  1365 | D:3      | Noticed Jessica
  1371 | D:3      | Killed from afar by Jessica

Skill      XL: |  1  2  3 |
---------------+----------+-----
Invocations    | 1 |  1.2
Short Blades   | 1 |  1.1
Long Blades    | 1 |  1.1
Maces & Flails | 1 |  1.1
Polearms       | 1 |  1.1
Staves         | 1 |  1.1
Slings         | 1 |  1.1
Bows           | 1 |  1.1
Crossbows      | 1 |  1.1
Armour         | 1 |  1.1
Stealth        | 1 |  1.1
Shields        | 1 |  1.1
Unarmed Combat | 1 |  1.1
Spellcasting   | 1 |  1.1
Evocations     | 1 |  1.1
Fighting       | |  4.6
Axes           | |  6.6
Throwing       | |  4.6
Dodging        | |  6.6
Conjurations   | |  0.8
Hexes          | |  0.8
Charms         | |  0.8
Summonings     | |  0.8
Necromancy     | |  0.8
Translocations | |  0.8
Transmutations | |  0.8
Fire Magic     | |  0.8
Ice Magic      | |  0.8
Air Magic      | |  0.8
Earth Magic    | |  0.8
Poison Magic   | |  0.8

Action                   |  1- 3 |  4- 6 || total
-------------------------+-------+-------++-------
Melee: War axe           |    88 |     1 ||    89
       Bite              |     8 |     1 ||     9
  Use: Scroll            |     4 |       ||     4
 Stab: Sleeping          |     2 |       ||     2
  Eat: Chunk             |     1 |     2 ||     3
Armor: Leather armour    |    13 |       ||    13
Dodge: Dodged            |    64 |     3 ||    67
